 Dungeon Crawl Stone Soup version 0.32-a0-468-g38b2580584 (webtiles) character file.

Game seed: 6299892938043916333

319 bjtr the Sneak (level 6, -1/30 HPs)
             Began as a Vine Stalker Enchanter on Feb 24, 2024.
             Was an Initiate of Vehumet.
             Slain by Blork the orc
             ... wielding a +0 glaive
              (7 damage)
             ... on level 4 of the Dungeon on Feb 25, 2024.
             The game lasted 00:15:17 (2857 turns).

bjtr the Sneak (Vine Stalker Enchanter)             Turns: 2857, Time: 00:15:18

Health: -1/30      AC:  6    Str: 11    XL:     6   Next: 46%
Magic:  0/12       EV: 12    Int: 17    God:    Vehumet [......]
Gold:   197        SH:  0    Dex: 14    Spells: 11/11 levels left

rFire   . . .        a - +1 dagger (venom)
rCold   + . .        (no shield)
rNeg    . . .        f - +0 leather armour
rPois   .            (no helmet)
rElec   .            h - +1 cloak
rCorr   .            d - +0 pair of gloves
SInv    .            (no boots)
Will    .....        (no amulet)
Stlth   ++           j - ring of protection from cold
HPRegen 1.05/turn    (no ring)
MPRegen 0.13/turn

%: guardian spirit
@: no status effects
A: fangs 2, regeneration 1, magic shield, antimagic bite, no potion heal 2
a: Renounce Religion


You were on level 4 of the Dungeon.
You worshipped Vehumet.
Vehumet was noncommittal.
You visited 2 branches of the dungeon, and saw 5 of its levels.

You collected 197 gold pieces.

Inventory:

Hand Weapons
 a - a +1 dagger of venom (weapon)
 m - a +0 heavy mace
 p - a +1 dagger
 v - a +0 flail
 x - a +0 long sword
Armour
 b - a +0 robe
 d - a +0 pair of gloves (worn)
 f - a +0 leather armour (worn)
 h - a +1 cloak (worn)
Magical Staves
 y - a staff of alchemy
Jewellery
 j - a ring of protection from cold (left hand)
 s - a ring of fire
Wands
 z - a wand of digging (7)
Scrolls
 e - a scroll of butterflies {unknown}
 g - a scroll of poison {unknown}
 i - a scroll of vulnerability {unknown}
 n - a scroll of noise {unknown}
 q - 3 scrolls of teleportation {unknown}
 r - 2 scrolls of immolation {unknown}
 w - a scroll of revelation {unknown}
Potions
 c - 2 potions of invisibility
 k - a potion of haste {unknown}
 l - a potion of lignification {unknown}
 o - 2 potions of degeneration {unknown}
 t - a potion of attraction {unknown}
 u - a potion of might {unknown}


   Skills:
 + Level 1.1 Fighting
 * Level 3.4 Short Blades
 - Level 1.4 Armour
 + Level 2.1 Dodging
 + Level 4.3 Stealth
 * Level 3.4 Spellcasting
 * Level 1.5 Conjurations
 - Level 3.0 Hexes


You had 11 spell levels left.
You didn't know any spells.
Your spell library contained the following spells:

 Spells                   Type           Power      Damage    Failure   Level
 Ensorcelled Hibernation  Hex/Ice        16%        N/A       19%         2
 Confusing Touch          Hex            13%        N/A       19%         3
 Tukima's Dance           Hex            13%        N/A       19%         3
 Dazzling Flash           Conj/Hex       20%        N/A       26%         3


Dungeon Overview and Level Annotations

Branches:
Dungeon (4/15)             Temple (1/1) D:4

Altars:
Cheibriados
Dithmenos
Elyvilon
Fedhas
Gozag
Kikubaaqudgha
Makhleb
Nemelex Xobeh
Okawaru
Qazlal
Ru
Sif Muna
Trog
Vehumet
Wu Jian
Xom
Yredelemnul
The Shining One

Shops:
D:3 (

Annotations:
D:4 Blork the orc


Innate Abilities, Weirdness & Mutations

You have extremely sharp teeth.
Your natural rate of healing is unusually fast.
When hurt, damage is shared between your health and your magic reserves.
Your bite disrupts and absorbs the magic of your enemies.
Potions cannot restore your health.


Message History

You kill the hobgoblin!
Vehumet accepts your kill.
Blork the orc casts a spell.
Blork the orc seems to speed up.
A kobold comes into view. It is wielding a +0 club.
Blork the orc points at you and mumbles some strange words.
The magic dart hits you.
Blork the orc casts a cantrip, but nothing happens.
Blork the orc looks encouraged for a moment.
The ribbon worm expels a string of sticky webbing.
The stream of webbing hits you but does no damage.
You are caught in a web!
There is a web here.
The web tears apart.
Blork the orc looks encouraged for a moment.
You see here a giant cockroach corpse.
Okay, then.
Okay, then.
Blork the orc screams, "I'll cover the dungeon with your blood!"
Blork the orc closely misses you.
Blork the orc screams, "I'll eat your brain!
And then I'll vomit it back up!"
Blork the orc hits you from afar with a +0 glaive!
Blork the orc casts a cantrip, but nothing happens.
Blork the orc frowns.
Blork the orc barely misses you.
There is a stone staircase leading up here.
Blork the orc hits you with a +0 glaive!
You closely miss Blork the orc.
Blork the orc hits you with a +0 glaive!
You hit Blork the orc.
Blork the orc is poisoned.
Your bite misses Blork the orc.
Blork the orc is lightly wounded.
Blork the orc hits you with a +0 glaive!
* * * LOW HITPOINT WARNING * * *
Blork the orc misses you.
Unknown command.
Blork the orc casts a cantrip, but nothing happens.
There is a stone staircase leading up here.
Blork the orc hits you from afar with a +0 glaive!
You die...

#.. #### ##. #..# ## ###
#..## # #.###...#####
#..##.^...... ####
##....###.... #..#
#.....###... #####@##
#.##........ #####ßßß#..#
##...........
#..#ß...ß#o###............
#....>.ß#..##............ .
#.#ß...ß##g........##.... .##
#.##ßßß###.......#####..<
..## #.########K......###
#..# ...## ##...##
##..........######
....####.....###...##.......#


You could see Blork the orc (fast, very poisoned), a goblin and a kobold.

Vanquished Creatures
  A scorpion (D:4)
  A bombardier beetle (D:4)
  2 sleepcaps (D:3)
  6 adders
  5 dart slugs
  2 ribbon worms
  5 orcs (D:3)
  6 endoplasms
  6 giant cockroaches
  6 hobgoblins
  10 jackals
  6 kobolds
  4 quokkas
  7 ball pythons
  5 bats
  3 frilled lizards
  13 goblins
  5 rats
93 creatures vanquished.

Notes
Turn   | Place    | Note
-------+----------+-------------------------------------------
     0 | D:1      | bjtr the Vine Stalker Enchanter began the quest for the
                  | Orb.
     0 | D:1      | Reached XP level 1. HP: 9/9 MP: 4/4
    91 | D:1      | Reached skill level 1 in Short Blades
   140 | D:1      | Reached XP level 2. HP: 13/13 MP: 4/6
   409 | D:1      | Reached XP level 3. HP: 16/16 MP: 5/7
   582 | D:1      | Reached skill level 4 in Stealth
   656 | D:2      | Found an ancient bone altar of Kikubaaqudgha.
   862 | D:2      | Reached XP level 4. HP: 21/21 MP: 8/8
  1304 | D:2      | Reached skill level 1 in Armour
  1858 | D:3      | Found Rohix's Antique Weapon Boutique.
  1890 | D:3      | Reached skill level 1 in Fighting
  1890 | D:3      | Reached XP level 5. HP: 25/25 MP: 8/10
  1909 | D:3      | Found a faded altar of an unknown god.
  2033 | D:3      | Reached skill level 1 in Conjurations
  2675 | D:4      | Reached XP level 6. HP: 30/30 MP: 10/12
  2727 | D:4      | Found a staircase to the Ecumenical Temple.
  2775 | Temple   | Entered the Ecumenical Temple
  2783 | Temple   | Became a worshipper of Vehumet
  2825 | D:4      | Noticed Blork the orc
  2857 | D:4      | Slain by Blork the orc

Illustrated notes

Levels and vault maps discovered:
D:1:      lordsloth_arrival_two_stooges, layout_basic, minmay_misc_feat_tiny,
          corexii_leaking_fountain, nicolae_concentric_dashed_squares_mild,
          minmay_pentomino_p4
D:2:      layout_loops_corners, basic_altar, minmay_fractal_squares_gapless_5
D:3:      layout_basic, serial_shops, shop, ebering_ecumenical_altar_box,
          minivault_11, nrook_mini_vaults, hellmonk_no_cap
D:4:      layout_layer_cave, minmay_temple_entry_statues, uniq_blork_the_orc,
          uniq_duvessa
Temple:   eino_narrow_crystal_temple

Skill      XL: |  1  2  3  4  5 |
---------------+----------------+-----
Short Blades   | 1 2 3 |  3.4
Stealth        | 4 |  4.3
Dodging        | 2 |  2.1
Armour         | 1 |  1.4
Spellcasting   | 3 |  3.4
Fighting       | 1 |  1.1
Conjurations   | 1 |  1.5
Hexes          | |  3.0

Action                     |  1- 3 |  4- 6 || total
---------------------------+-------+-------++-------
  Melee: Dagger            |   140 |   160 ||   300
         Bite              |    31 |    51 ||    82
   Stab: Sleeping          |     5 |     4 ||     9
         Distracted        |       |     1 ||     1
 Armour: Robe              |     6 |       ||     6
         Leather armour    |   103 |    91 ||   194
  Dodge: Dodged            |   115 |    75 ||   190

Table legend: (Time is in decaauts)
 A = Elapsed time spent in this place.
 B = Non-inter-level travel time spent in this place.
 C = Inter-level travel time spent in this place.
 D = Time resting spent in this place.
 E = Time spent auto-exploring this place.
 F = Levels seen in this place.
 G = Mean time per level.
                   A        B        C        D        E       F      G
               +--------+--------+--------+--------+--------+-----+--------+
         Total |   2824 |   2775 |     49 |    123 |   1739 |   5 |  564.8 |
       Dungeon |   2807 |   2758 |     49 |    123 |   1739 |   4 |  701.8 |
        Temple |     16 |     16 |      0 |      0 |      0 |   1 |   16.0 |
               +--------+--------+--------+--------+--------+-----+--------+

Top non-repeatable levels by time:
     D:2: 945 daAuts
     D:3: 944 daAuts
     D:1: 646 daAuts
     D:4: 271 daAuts
  Temple: 16 daAuts
